 Dungeon Crawl Stone Soup version 0.25-a0-544-gee0576305d (webtiles) character file.

Game seed: 16449375604619128731, levelgen mode: deterministic

135 vurker the Gusty (level 4, 0/19 HPs)
             Began as a Felid Air Elementalist on Feb 20, 2020.
             Killed from afar by an orc wizard (5 damage)
             ... with a magic dart
             ... on level 3 of the Dungeon.
             The game lasted 00:04:08 (3643 turns).

vurker the Gusty (Felid Air Elementalist)           Turns: 3643, Time: 00:04:08

Health: 0/19       AC:  1    Str:  4    XL:     4   Next: 96%
Magic:  1/10       EV: 21    Int: 17    God:
Gold:   41         SH:  0    Dex: 17    Spells: 9/10 levels left
                                        Lives:  0   Deaths: 1

rFire    . . .     SeeInvis +   (weapon unavailable)
rCold    . . .     Gourm    .   (shield unavailable)
rNeg     . . .     Faith    .   (armour unavailable)
rPois    .         Spirit   .   (helmet unavailable)
rElec    .         Reflect  .   (cloak unavailable)
rCorr    .         Harm     .   (gloves unavailable)
MR       .....                  (boots unavailable)
Stlth    +++.......             (no amulet)
HPRegen  0.06/turn              h - +3 ring of evasion
MPRegen  0.12/turn              (no ring)

@: quick
A: very small, no armour, no weapons or thrown items, stealth, claws 1, fangs 3,
see invisible, carnivore, speed 1, shaggy fur 1, slow metabolism 1, sharp paws
a: no special abilities


You were on level 3 of the Dungeon.
You were not hungry.

You visited 1 branch of the dungeon, and saw 3 of its levels.

You collected 41 gold pieces.

Inventory:

Jewellery
 h - a +3 ring of evasion (left paw)
   (You found it on level 1 of the Dungeon)
Scrolls
 a - 3 scrolls of identify {unknown}
 c - 3 scrolls of enchant weapon {unknown}
 d - a scroll of enchant armour {unknown}
 g - a scroll of remove curse {unknown}
 j - a scroll of blinking {unknown}
 k - a scroll of fear {unknown}
 l - a scroll of random uselessness {unknown}
 o - a scroll of teleportation {unknown}
 p - a scroll of noise {unknown}
Potions
 b - a potion of cancellation {unknown}
 f - a potion of stabbing {unknown}
 i - a potion of flight {unknown}
 m - a potion of curing {unknown}
 n - a potion of lignification {unknown}
Comestibles
 e - 10 rations


   Skills:
 + Level 2.0 Fighting
 - Level 2.6 Dodging
 - Level 2.6 Stealth
 * Level 3.5 Spellcasting
 + Level 2.3 Conjurations
 * Level 4.0 Air Magic


You had 9 spell levels left.
You knew the following spells:

 Your Spells              Type           Power        Failure   Level  Hunger
a - Shock                 Conj/Air       ##..         4%          1    None

Your spell library contained the following spells:

 Spells                   Type           Power        Failure   Level  Hunger
 Swiftness                Chrm/Air       #.......     11%         2    ##.....
 Static Discharge         Conj/Air       ##......     13%         3    ###....
 Airstrike                Air            ###.......   30%         4    ####...
 Lightning Bolt           Conj/Air       ##........   77%         5    ######.


Dungeon Overview and Level Annotations

Branches:
Dungeon (3/15)

Altars:
Ashenzari
Elyvilon
Kikubaaqudgha
Ru

Annotations:
D:2 Robin
D:3 1 runed translucent door, Crazy Yiuf, Grinder


Innate Abilities, Weirdness & Mutations

You cannot wear armour.
You are incapable of wielding weapons or throwing items.
Your paws allow you to move quietly. (Stealth)
You have sharp claws.
You have razor-sharp teeth.
You have supernaturally acute eyesight. (SInv)
You are carnivorous and can eat meat at any time.
You cover ground quickly.
You are covered in fur. (AC +1)
You have a slow metabolism.
Your sharp claws are effective at attacking unaware monsters.


Message History

You kill the frilled lizard!
The zap misses the orc.
A bat comes into view.
An orc wizard comes into view. It is wielding a +0 dagger.
There are monsters nearby!
The zap hits the orc.
The zap hits the bat.
The zap hits the orc wizard but does no damage.
The zap hits the orc wizard.
The zap hits the orc.
The zap hits the bat.
The zap hits the orc wizard.
The orc barely misses you.
The zap misses the orc.
The zap hits the bat.
You kill the bat!
The zap hits the orc.
You kill the orc!
The zap hits the orc wizard.
The orc wizard looks satisfied for a moment.
The zap hits the orc wizard but does no damage.
The orc wizard gestures at you while chanting.
The magic dart hits you!
You don't have enough magic to cast that spell.
A kobold comes into view. It is wielding a +0 short sword.
The orc wizard hits you but does no damage.
Things that are here:
a +0 club; a +0 leather armour; an orc corpse You barely miss the orc wizard.
You bite the orc wizard.
The orc wizard hits you but does no damage.
You scratch the orc wizard but do no damage.
The orc wizard hits you but does no damage.
You scratch the orc wizard. The orc wizard completely misses you.
You scratch the orc wizard.
The orc wizard hits you with a +0 dagger.
* * * LOW HITPOINT WARNING * * *
You don't have enough magic to cast that spell.
You are too injured to fight recklessly!
You are too injured to fight recklessly!
You are too injured to fight recklessly!
You closely miss the orc wizard.
The orc wizard looks braver for a moment.
You closely miss the orc wizard. The orc wizard casts a spell at you.
The puff of flame misses you.
You scratch the orc wizard but do no damage.
The orc wizard closely misses you.
You scratch the orc wizard. Your bite misses the orc wizard.
The orc wizard mumbles some strange words.
The orc wizard flickers and vanishes for a moment.
You scratch the orc wizard.
The orc wizard gestures at you while chanting.
The magic dart hits you.
You die...

### ###
#.########## #.#
#..........###.###
#.########........
#.# ######### #.#
#.# #†# #@# #o#
#K. .... .....
#####.# # .# # . #
#.# #


You could see an orc wizard (invisible) and a kobold.

Vanquished Creatures
  An orc priest (D:3)
  A worker ant (D:3)
  4 gnolls (D:2)
  7 adders
  A shadow imp (D:2)
  An ooze (D:3)
  A worm (D:3)
  3 dart slugs
  4 orcs (D:3)
  A ball python (D:2)
  2 giant cockroaches (D:2)
  15 goblins
  6 hobgoblins
  4 jackals (D:1)
  5 bats
  3 frilled lizards
  8 kobolds
  8 rats
75 creatures vanquished.

Notes
Turn   | Place    | Note
-------+----------+-------------------------------------------
     0 | D:1      | vurker the Felid Air Elementalist began the quest for the
                  | Orb.
     0 | D:1      | Reached XP level 1. HP: 7/7 MP: 4/4
    73 | D:1      | Reached skill level 1 in Conjurations
   650 | D:1      | Reached XP level 2. HP: 11/11 MP: 3/6
   886 | D:1      | Reached skill level 3 in Air Magic
  1326 | D:1      | Reached XP level 3. HP: 10/15 MP: 0/7
  1549 | D:2      | Reached skill level 1 in Fighting
  1794 | D:2      | Found a white marble altar of Elyvilon.
  1833 | D:2      | Noticed Robin
  2184 | D:2      | Reached XP level 4. HP: 19/19 MP: 5/9
  2365 | D:2      | Found a shattered altar of Ashenzari.
  2889 | D:3      | Reached XP level 5. HP: 22/22 MP: 2/10
  3010 | D:3      | Found a sacrificial altar of Ru.
  3011 | D:3      | Found an ancient bone altar of Kikubaaqudgha.
  3281 | D:3      | Found a runed translucent door.
  3282 | D:3      | Noticed Crazy Yiuf
  3390 | D:3      | Noticed Grinder
  3391 | D:3      | Paralysed by Grinder for 4 turns
  3404 | D:3      | Reached skill level 4 in Air Magic
  3409 | D:3      | Slain by Grinder
  3410 | D:3      | Reached XP level 4. HP: -2/19 MP: 0/10
  3643 | D:3      | Killed from afar by an orc wizard

Levels and vault maps discovered:
D:1:      minmay_arrival_jagged, layout_loops_ring
D:2:      layout_loops_ring, lemuel_doored_altar,
          nicolae_overflow_hidden_temple, first_ration, uniq_robin
D:3:      layout_basic, grunt_temple_overflow_open, grunt_ministairs_7,
          uniq_grinder, uniq_crazy_yiuf_cottage

Skill      XL: |  1  2  3  4  5 |
---------------+----------------+-----
Conjurations   | 1 2 |  2.3
Air Magic      | 3 4 |  4.0
Fighting       | 1 2 |  2.0
Spellcasting   | 3 |  3.5
Dodging        | |  2.6
Stealth        | |  2.6

Action                   |  1- 3 |  4- 6 || total
-------------------------+-------+-------++-------
Melee: Unarmed           |    23 |    27 ||    50
       Bite              |     1 |     1 ||     2
 Cast: Shock             |    80 |    97 ||   177
  Eat: Chunk             |    11 |     2 ||    13
Armor: Skin              |     1 |     1 ||     2
Dodge: Dodged            |    39 |    44 ||    83

Table legend:
 A = Non-vault XP
 B = Vault XP
 C = Vault XP percentage of total XP
 D = Non-vault monster count
 E = Vault monster count
 F = Vault count percentage of total count
                 A         B        C        D         E       F
            +---------+---------+-------+---------+---------+-------
      Total |     332 |      20 |   5.7 |      65 |      10 |  13.3
            +---------+---------+-------+---------+---------+-------
        D:1 |      52 |       0 |   0.0 |      24 |       0 |   0.0
        D:2 |      94 |      20 |  17.5 |      21 |      10 |  32.3
        D:3 |     186 |       0 |   0.0 |      20 |       0 |   0.0
            +---------+---------+-------+---------+---------+-------
